 Dungeon Crawl Stone Soup version 0.31-a0-145-g046c7d2549 (webtiles) character file.

Game seed: 6211326302412084056

210 Faragor the Conjurer (level 5, -3/28 HPs)
             Began as a Deep Elf Conjurer on June 7, 2023.
             Killed from afar by Blork the orc (13 damage)
             ... with a puff of flame
             ... on level 4 of the Dungeon.
             The game lasted 00:10:15 (5583 turns).

Faragor the Conjurer (Deep Elf Conjurer)            Turns: 5583, Time: 00:10:16

Health: -3/28      AC:  3    Str:  4    XL:     5   Next: 56%
Magic:  5/14       EV: 13    Int: 25    God:
Gold:   128        SH:  0    Dex: 13    Spells: 10/13 levels left

rFire   . . .        d - +1 dagger (drain)
rCold   . . .        (no shield)
rNeg    . . .        a - +0 robe
rPois   .            (no helmet)
rElec   .            (no cloak)
rCorr   .            h - +0 pair of gloves
SInv    .            (no boots)
Will    .....        (no amulet)
Stlth   +++          (no ring)
HPRegen 0.24/turn    (no ring)
MPRegen 0.14/turn

%: no passive effects
@: no status effects
A: no striking features
a: no special abilities


You were on level 4 of the Dungeon.
You visited 1 branch of the dungeon, and saw 4 of its levels.

You collected 128 gold pieces.

Inventory:

Hand Weapons
 d - a +1 dagger of draining (weapon)
 q - a +2 dagger of venom
Armour
 a - a +0 robe (worn)
 h - a +0 pair of gloves (worn)
Jewellery
 k - a ring of poison resistance
Scrolls
 f - a scroll of silence {unknown}
 g - 2 scrolls of identify {unknown}
 i - 3 scrolls of enchant weapon {unknown}
 j - 2 scrolls of magic mapping {unknown}
 l - a scroll of brand weapon {unknown}
 m - a scroll of blinking {unknown}
 n - a scroll of summoning {unknown}
 r - 4 scrolls of teleportation {unknown}
 s - 2 scrolls of fear {unknown}
Potions
 b - 2 potions of magic
 c - 3 potions of lignification {unknown}
 e - 2 potions of heal wounds {unknown}
 o - a potion of attraction {unknown}
 p - a potion of curing {unknown}


   Skills:
 + Level 4.1 Dodging
 + Level 4.3 Stealth
 + Level 4.7 Spellcasting
 + Level 5.3 Conjurations


You had 10 spell levels left.
You knew the following spells:

 Your Spells              Type           Power      Damage    Failure   Level
a - Magic Dart            Conj           100%       1d8       1%          1
b - Searing Ray           Conj           64%        2d6       1%          2

Your spell library contained the following spells:

 Spells                   Type           Power      Damage    Failure   Level
 Summon Small Mammal      Summ           20%        N/A       9%          1
 Dazzling Flash           Conj/Hex       38%        N/A       9%          3
 Call Canine Familiar     Summ           5%         N/A       26%         3
 Summon Guardian Golem    Hex/Summ       5%         N/A       26%         3
 Fulminant Prism          Conj/Hex       9%         3d7       28%         4
 Iskenderun's Mystic Bla  Conj/Tloc      19%        2d6       28%         4


Dungeon Overview and Level Annotations

Branches:
Dungeon (4/15)
 Temple: D:4-7

Altars:

Shops:
D:1 [

Annotations:
D:4 Blork the orc


Message History

Confirm with . or Enter, or press ? or * to list all spells.
Aiming: Magic Dart (safe; 1% risk of failure)
Press: ? - help, Shift-Dir - straight line, f/p - Blork the orc
Aim: Blork the orc, wielding a +0 battleaxe and wearing a +0 robe (moderately wounded, 100% to hit)
The magic dart hits Blork the orc.
Blork the orc is moderately wounded.
Blork the orc casts a spell at you. The magic dart hits you!
Unknown command.
Casting: Magic Dart (safe; 1% risk of failure)
Confirm with . or Enter, or press ? or * to list all spells.
Aiming: Magic Dart (safe; 1% risk of failure)
Press: ? - help, Shift-Dir - straight line, f/p - Blork the orc
Aim: Blork the orc, wielding a +0 battleaxe and wearing a +0 robe (moderately wounded, 100% to hit)
The magic dart hits Blork the orc.
Blork the orc is heavily wounded.
Casting: Magic Dart (safe; 1% risk of failure)
Confirm with . or Enter, or press ? or * to list all spells.
Aiming: Searing Ray (safe; 1% risk of failure)
Press: ? - help, Shift-Dir - straight line, f/p - Blork the orc
Aim: Blork the orc, wielding a +0 battleaxe and wearing a +0 robe (heavily wounded, 83% to hit)
The searing ray misses Blork the orc. (Press . to maintain the ray.) Blork the orc gestures at you while chanting.
The puff of flame hits you!
The searing ray hits Blork the orc.
Blork the orc is severely wounded.
The searing ray hits Blork the orc.
Blork the orc is severely wounded.
Casting: Searing Ray (safe; 1% risk of failure)
Confirm with . or Enter, or press ? or * to list all spells.
Restarting spell: Searing Ray (safe; 1% risk of failure)
Press: ? - help, Shift-Dir - straight line, f/p - Blork the orc
Aim: Blork the orc, wielding a +0 battleaxe and wearing a +0 robe (severely wounded, 83% to hit)
The searing ray hits Blork the orc!
Blork the orc is almost dead. (Press . to maintain the ray.) Blork the orc casts a spell at you.
The puff of flame hits you!
You die...

#.### ##...###
##....##....#
#.......##..## .
.
.######.###..#...
#. ##.##...# #..#
#.....## #....
##.#####
......###.##
#o@..### #####..#
####


You could see Blork the orc.

Vanquished Creatures
  A jelly (D:4)
  An iguana (D:4)
  4 adders
  4 worms
  5 dart slugs
  An orc (D:3)
  5 ball pythons
  11 bats
  8 endoplasms
  3 giant cockroaches
  6 goblins
  9 hobgoblins
  8 jackals
  10 kobolds
  2 quokkas
  9 frilled lizards
  2 rats (D:3)
89 creatures vanquished.

Notes
Turn   | Place    | Note
-------+----------+-------------------------------------------
     0 | D:1      | Faragor the Deep Elf Conjurer began the quest for the Orb.
     0 | D:1      | Reached XP level 1. HP: 10/10 MP: 6/6
   597 | D:1      | Reached XP level 2. HP: 6/15 MP: 4/8
  1123 | D:1      | Learned a level 2 spell: Searing Ray
  1804 | D:1      | Found Ozue's Armour Emporium.
  2043 | D:1      | Reached XP level 3. HP: 19/19 MP: 7/10
  3218 | D:2      | Reached XP level 4. HP: 24/24 MP: 9/11
  3735 | D:3      | Reached skill level 5 in Conjurations
  4874 | D:4      | Reached XP level 5. HP: 28/28 MP: 3/13
  5575 | D:4      | Noticed Blork the orc
  5583 | D:4      | Killed from afar by Blork the orc

Illustrated notes

Levels and vault maps discovered:
D:1:      lightli_arrival_quake, layout_basic, serial_shops,
          nicolae_diamond_shop, interstate_on_off
D:2:      wad_crossroads, layout_rooms
D:3:      layout_loops_ring, hex_tiny, serial_bayou_lagoon_a,
          kennysheep_nondescript
D:4:      layout_layer_cave, okawaru_ov_weapons_minmay, serial_forest,
          infiniplex_forest_join, infiniplex_forest_clump_C,
          infiniplex_forest_clump_long, infiniplex_forest_clump_cross,
          st_stairs_4, uniq_blork_the_orc

Skill      XL: |  1  2  3  4  5 |
---------------+----------------+-----
Stealth        | 3 4 |  4.3
Dodging        | 3 4 |  4.1
Spellcasting   | 4 |  4.7
Conjurations   | 5 |  5.3

Action                     |  1- 3 |  4- 6 || total
---------------------------+-------+-------++-------
  Melee: Unarmed           |    58 |       ||    58
         Punch             |     1 |       ||     1
         Dagger            |       |     1 ||     1
   Cast: Magic Dart        |    92 |    71 ||   163
         Searing Ray       |     4 |    12 ||    16
 Armour: Robe              |    21 |     1 ||    22
  Dodge: Dodged            |    62 |     5 ||    67

Table legend: (Time is in decaauts)
 A = Elapsed time spent in this place.
 B = Non-inter-level travel time spent in this place.
 C = Inter-level travel time spent in this place.
 D = Time resting spent in this place.
 E = Time spent auto-exploring this place.
 F = Levels seen in this place.
 G = Mean time per level.
                   A        B        C        D        E       F      G
               +--------+--------+--------+--------+--------+-----+--------+
         Total |   5588 |   5466 |    122 |   1919 |   3094 |   4 | 1397.0 |
       Dungeon |   5588 |   5466 |    122 |   1919 |   3094 |   4 | 1397.0 |
               +--------+--------+--------+--------+--------+-----+--------+

Top non-repeatable levels by time:
     D:1: 2682 daAuts
     D:3: 1105 daAuts
     D:2: 1002 daAuts
     D:4: 797 daAuts
